[Event "Titled Tuesday Blitz January 10 Early 2023"]
[White "marik_spb"]
[Black "Khumalo, Keith"]
[BlackFideId "14319470"]
[WhiteElo "2432"]
[BlackElo "2099"]
[Result "0-1"]
[Round "05"]
[TimeControl "180+2"]
[Date "2023.01.10"]
[WhiteClock "0:00:02"]
[BlackClock "0:00:49"]

1. d4 Nf6 2. c4 g6 3. Nc3 Bg7 4. e4 d6 5. Nf3 O-O 6. Be2 Na6 7. O-O e5 8. h3 Re8 9. d5 Nc5 10. Qc2 a5 11. Be3 Rf8 12. Bxc5 dxc5 13. Nxe5 Nxd5 14. Nxf7 Nb4 15. Nxd8 Nxc2 16. Rad1 Nd4 17. Bd3 Rxd8 18. Nd5 c6 19. Nb6 Rb8 20. f4 Re8 21. b3 Be6 22. f5 Bf7 23. Nd7 Rbd8 24. Nxc5 b6 25. Na4 Bf8 26. Kh2 Bd6+ 27. Kh1 Bc7 28. Bb1 Ne2 29. Rfe1 gxf5 30. Rxd8 Ng3+ 31. Kg1 Bxd8 32. Nc3 Bf6 33. Na4 Nxe4 34. g4 b5 35. gxf5 Bd4+ 36. Kg2 bxa4 37. Rxe4 Rxe4 38. Bxe4 c5 39. Kf3 axb3 40. axb3 Kg7 41. Bd5 Kf6 42. Ke4 Be8 0-1


[Site "https://www.chess.com"]

[Event "Titled Tuesday Blitz January 10 Early 2023"]
[White "Djokovic, Nebojsa"]
[Black "Jenkins, Drake"]
[WhiteFideId "938300"]
[BlackFideId "2022397"]
[WhiteElo "2119"]
[BlackElo "2130"]
[Result "1-0"]
[Round "05"]
[TimeControl "180+2"]
[Date "2023.01.10"]
[WhiteClock "0:00:08"]
[BlackClock "0:00:01"]

1. e4 c5 2. Nf3 g6 3. d4 cxd4 4. Nxd4 Nf6 5. Nc3 Nc6 6. Be2 Bg7 7. Nb3 O-O 8. O-O d6 9. Re1 a6 10. Bg5 b5 11. Bf1 Bb7 12. a4 b4 13. Nd5 Nd7 14. Qd2 Bxb2 15. Rab1 Bh8 16. Nxb4 Nxb4 17. Qxb4 Rb8 18. Qd2 Re8 19. Na5 Qc7 20. Re3 Nc5 21. Nxb7 Rxb7 22. Rbe1 Rb2 23. Rf3 e6 24. Rd1 Nxa4 25. Qxd6 Qxd6 26. Rxd6 Rxc2 27. Rd7 Rf8 28. Be7 Re8 29. Bd6 1-0


[Site "https://www.chess.com"]

[Event "Titled Tuesday Blitz January 10 Early 2023"]
[White "Bluebaum, Matthias"]
[Black "Goldin, Alexander"]
[WhiteFideId "24651516"]
[BlackFideId "2019540"]
[WhiteElo "2669"]
[BlackElo "2542"]
[Result "1-0"]
[Round "05"]
[TimeControl "180+2"]
[Date "2023.01.10"]
[WhiteClock "0:02:48"]
[BlackClock "0:01:17"]

1. d4 d5 2. c4 e6 3. Nc3 Nf6 4. cxd5 exd5 5. Bg5 Be7 6. e3 c6 7. Bd3 Nbd7 8. h3 Ne4 9. Bxe7 Qxe7 10. Bxe4 dxe4 11. Qg4 Nf6 12. Qxg7 Rg8 13. Qh6 Rxg2 14. Nge2 Rg8 15. O-O-O Bf5 16. Ng3 Bg6 17. h4 Ng4 18. Qf4 h5 19. Ngxe4 O-O-O 20. f3 f5 21. fxg4 fxe4 22. gxh5 Bxh5 23. Qf5+ 1-0


[Site "https://www.chess.com"]

[Event "Titled Tuesday Blitz January 10 Early 2023"]
[White "Khamdamova, Afruza"]
[Black "Howell, David W L"]
[WhiteFideId "14210444"]
[BlackFideId "410608"]
[WhiteElo "2162"]
[BlackElo "2677"]
[Result "1/2-1/2"]
[Round "05"]
[TimeControl "180+2"]
[Date "2023.01.10"]
[WhiteClock "0:01:12"]
[BlackClock "0:00:04"]

1. e4 e6 2. d4 d5 3. Nd2 Nc6 4. Ngf3 Nf6 5. e5 Nd7 6. Bd3 Nb4 7. Be2 c5 8. c3 Nc6 9. O-O Be7 10. Re1 g5 11. Nf1 g4 12. N3d2 h5 13. Nb3 c4 14. Nbd2 b5 15. b3 Bb7 16. a4 a6 17. Rb1 Qc7 18. Bb2 Nb6 19. axb5 axb5 20. bxc4 bxc4 21. Qc2 Ba6 22. Ra1 Kd7 23. Ba3 Bb5 24. Bxe7 Nxe7 25. Reb1 Rxa1 26. Rxa1 Nf5 27. f3 Rg8 28. fxg4 hxg4 29. g3 Nc8 30. Qb1 Bc6 31. Qb4 Nce7 32. Qc5 Bb7 33. Qb5+ Bc6 34. Qc5 Bb7 35. Qb4 Nc6 36. Qc5 Nce7 1/2-1/2


[Site "https://www.chess.com"]

[Event "Titled Tuesday Blitz January 10 Early 2023"]
[White "Kukhmazov, Arsen"]
[Black "Defend, Balint"]
[WhiteFideId "24108260"]
[BlackFideId "17004853"]
[WhiteElo "2512"]
[BlackElo "1673"]
[Result "0-1"]
[Round "05"]
[TimeControl "180+2"]
[Date "2023.01.10"]
[WhiteClock "0:01:11"]
[BlackClock "0:00:18"]

1. Nf3 Nf6 2. c4 e6 3. d4 b6 4. a3 Ba6 5. Qc2 Bb7 6. Nc3 c5 7. e4 cxd4 8. Nxd4 Bc5 9. Nb3 Nc6 10. Bf4 e5 11. Bg5 Nd4 12. Nxd4 Bxd4 13. Nd5 Bxd5 14. exd5 h6 15. Bh4 g5 16. Bg3 O-O 17. Be2 Kg7 18. Rd1 d6 19. b4 Rc8 20. Qb3 Qd7 21. O-O Ne4 22. Bd3 Nxg3 23. hxg3 f5 24. Qc2 g4 25. Kh2 Qf7 26. Rh1 f4 27. Qd2 fxg3+ 28. Kxg3 Qxf2+ 29. Qxf2 Bxf2+ 30. Kxg4 Rf4+ 31. Kh5 e4 32. Be2 Re8 0-1


[Site "https://www.chess.com"]

[Event "Titled Tuesday Blitz January 10 Early 2023"]
[White "surrenderPLS"]
[Black "Rustemov, Alexander"]
[BlackFideId "4119002"]
[WhiteElo "2533"]
[BlackElo "2525"]
[Result "0-1"]
[Round "05"]
[TimeControl "180+2"]
[Date "2023.01.10"]
[WhiteClock "0:00:01"]
[BlackClock "0:01:07"]

1. e4 e6 2. d4 d5 3. Nc3 dxe4 4. Nxe4 Bd7 5. Nf3 Bc6 6. Bd3 Nd7 7. O-O Ngf6 8. Qe2 Be7 9. Bf4 O-O 10. c4 Nxe4 11. Bxe4 Bxe4 12. Qxe4 c6 13. Rad1 Re8 14. Rfe1 Qa5 15. Qc2 Rad8 16. d5 cxd5 17. cxd5 Rc8 18. Qd2 Bb4 19. Qd3 Nc5 20. Qb1 Bxe1 21. Rxe1 Qb4 22. Ng5 g6 23. Bd6 exd5 24. Rc1 Qg4 25. Nf3 Qe4 0-1


[Site "https://www.chess.com"]

[Event "Titled Tuesday Blitz January 10 Early 2023"]
[White "Tomaszewski, Kacper"]
[Black "Yuan, Qingyu"]
[WhiteFideId "1127373"]
[BlackFideId "8609772"]
[WhiteElo "2313"]
[BlackElo "2373"]
[Result "0-1"]
[Round "05"]
[TimeControl "180+2"]
[Date "2023.01.10"]
[WhiteClock "0:00:01"]
[BlackClock "0:00:05"]

1. e4 c6 2. Nf3 d5 3. exd5 cxd5 4. d4 Nc6 5. c3 Nf6 6. Bf4 Bf5 7. Qb3 Qc8 8. Nbd2 e6 9. Be2 Be7 10. O-O O-O 11. Rfe1 a6 12. Ne5 Nxe5 13. Bxe5 Qd7 14. a4 Rfc8 15. Nf3 Ne4 16. a5 h6 17. h3 Rc6 18. Bh2 f6 19. Bf1 Rac8 20. Qa4 Qd8 21. Nh4 Bh7 22. Qd1 Bd6 23. Bxd6 Qxd6 24. Bd3 Qf4 25. Nf3 Bg6 26. g3 Qd6 27. Nh4 Bh7 28. Bxe4 Bxe4 29. Qg4 g5 30. f3 Bh7 31. Kh2 f5 32. Qh5 gxh4 33. Rg1 R6c7 34. f4 Kh8 35. Qxh6 Qf8 36. Qxh4 Rg7 37. Rae1 Rg6 38. Re5 Rc7 39. Rge1 Rh6 40. Qg5 Rg6 41. Qh5 Re7 42. Qe2 Bg8 43. Rxd5 Reg7 44. Rc5 Rxg3 45. b4 Qf7 46. Rc8 Qg6 47. Kh1 Rxh3+ 48. Qh2 Qg2# 0-1


[Site "https://www.chess.com"]

[Event "Titled Tuesday Blitz January 10 Early 2023"]
[White "Tanenbaum, Zachary"]
[Black "Ibadov, Dashgyn"]
[WhiteFideId "2060850"]
[BlackFideId "24107514"]
[WhiteElo "2261"]
[BlackElo "2391"]
[Result "1/2-1/2"]
[Round "05"]
[TimeControl "180+2"]
[Date "2023.01.10"]
[WhiteClock "0:00:06"]
[BlackClock "0:00:07"]

1. e4 e5 2. Nf3 Nc6 3. Bc4 Bc5 4. c3 Nf6 5. d4 exd4 6. b4 Be7 7. b5 Na5 8. Bd3 d5 9. e5 Ne4 10. cxd4 O-O 11. O-O Bf5 12. Qe2 c5 13. dxc5 Bxc5 14. Be3 b6 15. Nd4 Bg6 16. f4 Qd7 17. Qf3 f5 18. Qe2 Rac8 19. Nd2 Nb7 20. N2b3 Nd8 21. Rfd1 Ne6 22. Nxc5 bxc5 23. Nc6 Nc3 24. Qf3 Nxd1 25. Rxd1 d4 26. Bc4 Bf7 27. Bf2 Kh8 28. a4 Ng5 29. Qb3 Bxc4 30. Qxc4 Ne4 31. a5 a6 32. e6 Qd6 33. Ne5 axb5 34. Qxb5 Qxe6 35. Qc4 Qxc4 36. Nxc4 Rb8 37. Bh4 Rb4 38. Nb6 Rb5 39. Nc4 Ra8 40. h3 h6 41. g4 Rb4 42. Ne5 Rxa5 43. Nc6 Rab5 44. Nxb4 Rxb4 45. gxf5 Rb2 46. Re1 Nf6 47. Re6 d3 48. Bxf6 Rb1+ 49. Kf2 gxf6 50. Rd6 c4 51. Ke3 Re1+ 52. Kd2 Re2+ 53. Kd1 Kg7 54. Rd7+ Kf8 55. Rc7 Rc2 56. Rh7 c3 57. Rd7 Rd2+ 58. Kc1 Ke8 59. Rc7 Rc2+ 60. Kd1 Kd8 61. Rc4 Rd2+ 62. Kc1 Rc2+ 63. Kd1 Ke7 64. Re4+ Kf7 65. Rd4 Rd2+ 66. Kc1 h5 67. Rc4 Rc2+ 68. Kd1 h4 69. Rc7+ Ke8 70. Rc4 Ke7 71. Re4+ Kf7 72. Rd4 Rd2+ 73. Kc1 Ke7 74. Rc4 Rc2+ 75. Kd1 Kd6 76. Rd4+ Kc5 77. Rxd3 Rd2+ 78. Rxd2 cxd2 79. Kxd2 Kd4 80. Ke2 Ke4 81. Kf2 Kxf4 82. Ke2 Kxf5 83. Kf3 Ke5 84. Kg4 f5+ 85. Kxh4 Ke4 86. Kg3 Ke3 87. Kg2 Ke2 88. Kg3 Ke3 89. Kg2 Ke2 90. Kg3 Ke3 1/2-1/2


[Site "https://www.chess.com"]

[Event "Titled Tuesday Blitz January 10 Early 2023"]
[White "Kuzmin, Roman"]
[Black "Blohberger, Felix"]
[WhiteFideId "44134932"]
[BlackFideId "1632051"]
[WhiteElo "2198"]
[BlackElo "2501"]
[Result "0-1"]
[Round "05"]
[TimeControl "180+2"]
[Date "2023.01.10"]
[WhiteClock "0:00:02"]
[BlackClock "0:00:08"]

1. e4 e6 2. d4 d5 3. Nc3 Bb4 4. e5 Qd7 5. a3 Bf8 6. Nf3 b6 7. Bb5 c6 8. Ba4 Ba6 9. Ne2 Bb5 10. Bb3 Bc4 11. Bxc4 dxc4 12. O-O Ne7 13. Ng5 Nd5 14. f4 Na6 15. Ng3 h6 16. N5e4 g6 17. b3 b5 18. bxc4 bxc4 19. Qe2 Be7 20. Qxc4 Qb7 21. Bd2 Qb5 22. Qa2 Nb6 23. Rf3 h5 24. Rc3 h4 25. Nf1 Qd5 26. Nf2 Qxa2 27. Rxa2 c5 28. dxc5 Nxc5 29. Be3 Rc8 30. Ra1 O-O 31. Rd1 Nca4 32. Rxc8 Rxc8 33. Ne4 Rxc2 34. Nf6+ Kg7 35. Ne8+ Kf8 36. Nd6 Nd5 37. Bf2 Nxf4 38. Nb5 Ne2+ 39. Kh1 Nec3 40. Nxc3 Nxc3 41. Rd2 Rc1 42. Kg1 Ne4 0-1


[Site "https://www.chess.com"]

[Event "Titled Tuesday Blitz January 10 Early 2023"]
[White "Kuznetsova, Olga"]
[Black "Sai Krishna G V"]
[WhiteFideId "4191323"]
[BlackFideId "5028280"]
[WhiteElo "2142"]
[BlackElo "2384"]
[Result "1/2-1/2"]
[Round "05"]
[TimeControl "180+2"]
[Date "2023.01.10"]
[WhiteClock "0:00:22"]
[BlackClock "0:00:19"]

1. d4 Nf6 2. Nd2 c5 3. dxc5 Qa5 4. Nf3 g6 5. a3 Qxc5 6. e4 Bg7 7. Bd3 O-O 8. O-O d5 9. e5 Ng4 10. Qe2 Nc6 11. Nb3 Qb6 12. Bf4 Qc7 13. Rfe1 f6 14. exf6 Qxf4 15. fxg7 Kxg7 16. h3 Nh6 17. Ne5 e6 18. Nc5 Nd4 19. Qe3 Qxe3 20. fxe3 Nc6 21. Nxc6 bxc6 22. e4 d4 23. Rf1 e5 24. Rxf8 Kxf8 25. Rf1+ Ke7 26. Bc4 Bd7 27. g4 Kd6 28. Nxd7 Kxd7 29. g5 Ng8 30. Rf7+ Kd6 31. Rxh7 Ne7 32. h4 a5 33. a4 Rf8 34. Kg2 Rf4 35. Bd3 c5 36. b3 Rg4+ 37. Kh3 Rg1 38. Kh2 Rd1 39. Rh8 Nc6 40. Rg8 Nb4 41. Rxg6+ Ke7 42. h5 Rd2+ 43. Kg1 Nxc2 44. h6 Ne1 45. Be2 Rxe2 46. h7 d3 47. h8=Q Nf3+ 48. Kf1 Nd2+ 49. Kg1 Nf3+ 50. Kf1 Nd2+ 51. Kg1 Nf3+ 1/2-1/2


[Site "https://www.chess.com"]

[Event "Titled Tuesday Blitz January 10 Early 2023"]
[White "Hambleton, Aman"]
[Black "Nguyen Hong Nhung"]
[WhiteFideId "2606577"]
[BlackFideId "12412201"]
[WhiteElo "2420"]
[BlackElo "2003"]
[Result "1-0"]
[Round "05"]
[TimeControl "180+2"]
[Date "2023.01.10"]
[WhiteClock "0:00:08"]
[BlackClock "0:00:28"]

1. d4 Nf6 2. c4 c5 3. d5 b5 4. cxb5 a6 5. bxa6 g6 6. Nc3 Bg7 7. e4 O-O 8. Bd3 Qa5 9. Ne2 c4 10. Bc2 Nxa6 11. O-O Nb4 12. Be3 Nxc2 13. Qxc2 d6 14. h3 Nd7 15. Bd4 Bb7 16. Bxg7 Kxg7 17. Qd2 Rfc8 18. Kh2 Kg8 19. Rad1 Nc5 20. Qh6 Nd3 21. Rd2 Qb6 22. Nf4 Nc5 23. h4 Na4 24. h5 Nxc3 25. hxg6 fxg6 26. Ne6 Kf7 27. bxc3 Ke8 28. Qxh7 Kd7 29. Qxg6 Rh8+ 30. Kg1 Rag8 31. Qf5 Ke8 32. Re1 Bc8 33. Rde2 Qa5 34. Re3 Qxa2 35. Qf4 Bxe6 36. dxe6 Qa5 37. e5 Qd5 38. Rf3 dxe5 39. Qf7+ Kd8 40. g3 Rf8 41. Qxf8+ Rxf8 42. Rxf8+ Kc7 43. Rf5 Qd2 44. Re3 Qc1+ 45. Kg2 Kd6 46. Rfxe5 Qa3 47. R5e4 Qa6 48. Rd4+ Kc7 49. Ree4 Qc6 50. Rxc4 Kd6 51. Rxc6+ Kxc6 52. Rd4 Kc5 53. Rd1 Kc6 54. f4 Kc7 55. f5 Kc6 56. g4 1-0


[Site "https://www.chess.com"]

[Event "Titled Tuesday Blitz January 10 Early 2023"]
[White "Ilkhomi, Jaloliddin"]
[Black "Gaitan, Juan Manuel"]
[WhiteFideId "14700948"]
[BlackFideId "121657"]
[WhiteElo "1997"]
[BlackElo "2328"]
[Result "0-1"]
[Round "05"]
[TimeControl "180+2"]
[Date "2023.01.10"]
[WhiteClock "0:00:02"]
[BlackClock "0:01:20"]

1. Nf3 Nf6 2. c4 c6 3. d4 d5 4. cxd5 cxd5 5. Nc3 g6 6. Bf4 Bg7 7. e3 O-O 8. Bd3 a6 9. O-O Nc6 10. a3 Bg4 11. h3 Bf5 12. Rc1 Bxd3 13. Qxd3 Rc8 14. Ne5 Qa5 15. b4 Qxa3 16. b5 Nxe5 17. dxe5 Ne4 18. bxa6 bxa6 19. Ra1 Qxc3 20. Qxd5 Qc6 21. Qa2 Nc3 22. Qd2 Rfd8 23. Qc2 Qb5 24. Rfe1 Nd5 25. Qa2 Nxf4 26. exf4 e6 27. Reb1 Qc4 28. Qxa6 Qxf4 29. Qe2 Qxe5 30. Qf3 Qxa1 31. Rxa1 Bxa1 32. h4 h5 33. g3 Bd4 34. Qe4 Rb8 35. g4 hxg4 36. Qxg4 Rb5 37. Qe4 Rf5 38. h5 Rxh5 39. Kg2 Rf5 40. Kh1 Rxf2 41. Qh4 Rd5 42. Kg1 Rf4+ 43. Qf2 Rg5+ 44. Kh1 Bxf2 45. Kh2 Rh4# 0-1


[Site "https://www.chess.com"]

[Event "Titled Tuesday Blitz January 10 Early 2023"]
[White "Csonka, Balazs"]
[Black "Gheorghiu, Calin"]
[WhiteFideId "742910"]
[BlackFideId "1200305"]
[WhiteElo "2496"]
[BlackElo "2313"]
[Result "1-0"]
[Round "05"]
[TimeControl "180+2"]
[Date "2023.01.10"]
[WhiteClock "0:00:04"]
[BlackClock "0:00:01"]

1. e4 b6 2. d4 Bb7 3. Bd3 g6 4. h4 h5 5. Nf3 e6 6. Nc3 Bg7 7. e5 d6 8. Bg5 Qd7 9. Qe2 d5 10. O-O-O a6 11. Qe3 Bf8 12. Ne2 c5 13. Nf4 Ne7 14. Bf6 Rg8 15. c3 cxd4 16. Nxd4 Nbc6 17. f3 O-O-O 18. g4 Kb8 19. Kb1 hxg4 20. fxg4 Bh6 21. g5 Bf8 22. Be2 Rc8 23. Bg4 Nxd4 24. cxd4 Nf5 25. Bxf5 exf5 26. h5 gxh5 27. Rxh5 Qc7 28. Rc1 Qd7 29. Rxc8+ Qxc8 30. Rh7 Qc4 31. Rxf7 Qf1+ 32. Qc1 Qxc1+ 33. Kxc1 Bb4 34. g6 Rc8+ 35. Kd1 Bc6 36. e6 Ba4+ 37. b3 Bb5 38. Be5+ Ka8 39. Nxd5 Ba3 40. Nxb6# 1-0


[Site "https://www.chess.com"]

[Event "Titled Tuesday Blitz January 10 Early 2023"]
[White "Shuvalov, Evgenij"]
[Black "Papasimakopoulos, Alexandros"]
[WhiteFideId "4187237"]
[BlackFideId "4244125"]
[WhiteElo "2038"]
[BlackElo "2401"]
[Result "0-1"]
[Round "05"]
[TimeControl "180+2"]
[Date "2023.01.10"]
[WhiteClock "0:00:02"]
[BlackClock "0:00:20"]

1. d4 e6 2. c4 Nf6 3. Nf3 Bb4+ 4. Nbd2 b6 5. g3 Bb7 6. Bg2 O-O 7. O-O Bxd2 8. Qxd2 d6 9. b3 Nbd7 10. Bb2 Qe7 11. Rad1 a5 12. a3 h6 13. Rfe1 Rfe8 14. Bh3 Ne4 15. Qc2 f5 16. Nh4 g5 17. Nxf5 exf5 18. Bxf5 Rf8 19. g4 d5 20. f3 Nd6 21. cxd5 Nxf5 22. gxf5 Nf6 23. e4 Rae8 24. Rc1 Rf7 25. Re3 Nxd5 26. Rd3 Nf4 27. Rc3 c6 28. d5 cxd5 29. Rc7 Qxc7 30. Qxc7 Rxc7 31. Rxc7 Ba6 32. f6 Kf8 33. a4 Nd3 34. Ba3+ Nb4 35. exd5 Rd8 36. Bxb4+ axb4 37. Rc6 Rxd5 38. Rxb6 Be2 39. Rxb4 Bxf3 40. Kf2 Bd1 41. Rb7 Rd3 42. a5 Rxb3 43. Rh7 h5 44. a6 Ra3 45. a7 Bf3 46. h4 g4 47. Rg7 Ra6 0-1


[Site "https://www.chess.com"]

[Event "Titled Tuesday Blitz January 10 Early 2023"]
[White "Ordekalog"]
[Black "Ansh M Shah"]
[BlackFideId "25033379"]
[WhiteElo "2635"]
[BlackElo "2171"]
[Result "1-0"]
[Round "05"]
[TimeControl "180+2"]
[Date "2023.01.10"]
[WhiteClock "0:00:04"]
[BlackClock "0:00:03"]

1. e4 c6 2. d4 d5 3. Nd2 dxe4 4. Nxe4 Bf5 5. Ng3 Bg6 6. Nf3 Nd7 7. h4 h6 8. h5 Bh7 9. Bd3 Bxd3 10. Qxd3 e6 11. Bd2 Ngf6 12. O-O-O Be7 13. Ne4 Nxe4 14. Qxe4 Nf6 15. Qe2 Qd5 16. c4 Qe4 17. Qxe4 Nxe4 18. Be3 Nf6 19. Ne5 Bd6 20. f3 Rc8 21. Nd3 b5 22. b3 a5 23. g4 Nd7 24. Kc2 a4 25. Rhe1 O-O 26. Bf4 Bxf4 27. Nxf4 Ra8 28. Kc3 Rfb8 29. c5 Nf6 30. Rg1 axb3 31. axb3 b4+ 32. Kb2 Ra3 33. Ra1 Rxa1 34. Rxa1 Rd8 35. Ne2 Nd5 36. Ra6 Rc8 37. Kc2 Rc7 38. Ra8+ Kh7 39. Kd3 g6 40. hxg6+ fxg6 41. Re8 Re7 42. Rc8 Rc7 43. Re8 Rf7 44. Rxe6 Rxf3+ 45. Kc2 Re3 46. Nf4 Rc3+ 47. Kb2 Nxf4 48. Rxc6 Ne2 49. d5 Nd4 50. Rc7+ Kg8 51. d6 Rxb3+ 52. Ka2 Ra3+ 53. Kb2 Nb5 54. d7 Rd3 55. Rc8+ Kf7 56. d8=Q Rxd8 57. Rxd8 Nc3 58. Rd6 Ne4 59. Rc6 h5 60. gxh5 gxh5 61. Kb3 Kg7 62. Kxb4 h4 63. Re6 Nf6 64. Re7+ Kg6 65. Re1 Kg5 66. Kb5 h3 67. c6 Nd5 68. Kc5 Nc7 69. Kd6 Nb5+ 70. Kc5 Nc7 71. Re7 h2 72. Rh7 Ne6+ 73. Kb6 Nd8 74. Rxh2 Nxc6 75. Rg2+ Kf4 76. Kxc6 Kf3 77. Ra2 1-0


[Site "https://www.chess.com"]

[Event "Titled Tuesday Blitz January 10 Early 2023"]
[White "Pein, Jonathan"]
[Black "Atakhan, Abtin"]
[WhiteFideId "417092"]
[BlackFideId "22502203"]
[WhiteElo "2265"]
[BlackElo "2422"]
[Result "1-0"]
[Round "05"]
[TimeControl "180+2"]
[Date "2023.01.10"]
[WhiteClock "0:01:01"]
[BlackClock "0:00:28"]

1. b3 Nf6 2. Bb2 g6 3. Nf3 Bg7 4. g3 O-O 5. Bg2 c5 6. O-O Nc6 7. e3 d5 8. Ne5 Qc7 9. Nxc6 bxc6 10. Nc3 Rb8 11. d3 c4 12. dxc4 dxc4 13. Qe2 Ba6 14. Rfd1 cxb3 15. Qxa6 bxc2 16. Rdc1 Rxb2 17. Na4 Ng4 18. h3 Rbb8 19. Rxc2 Bxa1 20. hxg4 Qd7 21. Bf3 Bg7 22. Nc5 1-0


[Site "https://www.chess.com"]

[Event "Titled Tuesday Blitz January 10 Early 2023"]
[White "Godzwon, Iwo"]
[Black "Carbone, Diego"]
[WhiteFideId "21802483"]
[BlackFideId "3002179"]
[WhiteElo "2394"]
[BlackElo "2336"]
[Result "1-0"]
[Round "05"]
[TimeControl "180+2"]
[Date "2023.01.10"]
[WhiteClock "0:00:20"]
[BlackClock "0:00:06"]

1. e4 c5 2. Nf3 e6 3. d4 cxd4 4. Nxd4 Nc6 5. Nc3 Qc7 6. Be2 a6 7. O-O Nf6 8. Be3 Bb4 9. Nxc6 bxc6 10. f4 O-O 11. e5 Nd5 12. Nxd5 cxd5 13. c3 Be7 14. Rc1 a5 15. c4 dxc4 16. Bxc4 Qb8 17. b3 Ba6 18. Qxd7 Ba3 19. Rc2 Rd8 20. Qc6 Bb7 21. Qb6 a4 22. Bf2 Be4 23. Re2 Bf5 24. Qe3 h5 25. h3 Qb7 26. Rd2 axb3 27. axb3 Bb4 28. Rxd8+ Rxd8 29. Qb6 Qxb6 30. Bxb6 Rd2 31. Rf2 Rd1+ 32. Kh2 h4 33. Ra2 Bd2 34. g3 Be4 35. Bg1 hxg3+ 36. Kxg3 Rxg1+ 37. Kf2 Rg2+ 38. Kf1 Rh2 39. Kg1 Rh1+ 40. Kf2 Bxf4 41. Ra5 Rh2+ 42. Kg1 Rb2 43. Rb5 Bh2+ 44. Kf1 Bg2+ 45. Ke1 Bg3+ 46. Kd1 Bxh3 47. Bd3 Bg4+ 48. Kc1 Rh2 49. Rb8# 1-0


[Site "https://www.chess.com"]

[Event "Titled Tuesday Blitz January 10 Early 2023"]
[White "Buchenau, Frank"]
[Black "Tica, Sven"]
[WhiteFideId "4604350"]
[BlackFideId "14526948"]
[WhiteElo "2222"]
[BlackElo "2431"]
[Result "1-0"]
[Round "05"]
[TimeControl "180+2"]
[Date "2023.01.10"]
[WhiteClock "0:00:22"]
[BlackClock "0:00:55"]

1. e4 g6 2. d4 Bg7 3. Nc3 a6 4. Nf3 b5 5. a4 b4 6. Nd5 a5 7. c3 e6 8. Nf4 c5 9. Be3 Nf6 10. e5 Ng4 11. Bd2 Ba6 12. Bxa6 Nxa6 13. O-O O-O 14. h3 Nh6 15. d5 Nf5 16. d6 f6 17. exf6 Qxf6 18. Be3 Bh6 19. Qd3 Nxe3 20. fxe3 Bxf4 21. exf4 Qxf4 22. Nh2 Qg5 23. Rxf8+ Kxf8 24. Qf3+ Kg7 25. Qxa8 Qd2 26. Rf1 1-0


[Site "https://www.chess.com"]

[Event "Titled Tuesday Blitz January 10 Early 2023"]
[White "Ladan, Nicholas"]
[Black "Barria Zuniga, Daniel"]
[WhiteFideId "30918855"]
[BlackFideId "3400816"]
[WhiteElo "2228"]
[BlackElo "2341"]
[Result "1-0"]
[Round "05"]
[TimeControl "180+2"]
[Date "2023.01.10"]
[WhiteClock "0:01:00"]
[BlackClock "0:00:51"]

1. b4 e5 2. Bb2 f6 3. a3 c5 4. e4 cxb4 5. Bxe5 Nc6 6. Bb2 d5 7. Qh5+ g6 8. Qxd5 Bd7 9. Bc4 Qe7 10. axb4 Qxb4 11. Ba3 O-O-O 12. Bxb4 Nxb4 13. Qa5 Nxc2+ 14. Kf1 Nxa1 15. Qxa1 Ne7 16. Nf3 Nc6 17. Nc3 Bc5 18. Nd5 f5 19. d4 Bb6 20. Nxb6+ axb6 21. e5 Na5 22. Bf7 Bc6 23. h4 Kc7 24. e6 Bd5 25. Ne5 Ra8 26. Qc3+ Nc6 27. Nxc6 bxc6 28. h5 Kb7 29. hxg6 hxg6 30. Rxh8 Rxh8 31. Qg3 Rh1+ 32. Ke2 Ra1 33. Qxg6 f4 34. e7 Ra2+ 35. Kd3 Ra3+ 36. Kc2 Ra2+ 37. Kb1 1-0


[Site "https://www.chess.com"]

[Event "Titled Tuesday Blitz January 10 Early 2023"]
[White "Barrientos, Sergio E"]
[Black "Begunov, Konstantin"]
[WhiteFideId "4401824"]
[BlackFideId "4118510"]
[WhiteElo "2479"]
[BlackElo "2325"]
[Result "1-0"]
[Round "05"]
[TimeControl "180+2"]
[Date "2023.01.10"]
[WhiteClock "0:00:40"]
[BlackClock "0:00:09"]

1. e4 c5 2. Nf3 d6 3. d4 cxd4 4. Nxd4 Nf6 5. Nc3 a6 6. Bg5 e6 7. f4 Qb6 8. Qd2 Nc6 9. O-O-O Bd7 10. Be2 Nxd4 11. Qxd4 Qxd4 12. Rxd4 Bc6 13. Bxf6 gxf6 14. Bh5 Bh6 15. g3 e5 16. Rxd6 exf4 17. Rxf6 Bg7 18. Rxf7 Bxc3 19. Rxf4+ Ke7 20. bxc3 Rhf8 21. Rhf1 Rxf4 22. gxf4 Rg8 23. Bf3 Bb5 24. Rd1 Rc8 25. Kb2 Rc4 26. Rd4 Rc5 27. e5 b6 28. Bd5 Bd7 29. c4 Bf5 30. a3 b5 31. Kb3 bxc4+ 32. Bxc4 a5 33. a4 Rc8 34. c3 Rb8+ 35. Bb5 Rg8 36. Rd6 Rg2 37. Rh6 Rf2 38. Rh4 Ke6 39. Bc4+ Ke7 40. Bd5 Bd3 41. c4 Bf5 42. c5 Rd2 43. Bc4 Rf2 44. Kc3 Kd7 45. Bb5+ Kc7 46. Kd4 Rd2+ 47. Ke3 Rc2 48. Rh5 Rc3+ 49. Kd4 Bg6 50. Rxh7+ Bxh7 51. Kxc3 1-0


[Site "https://www.chess.com"]

[Event "Titled Tuesday Blitz January 10 Early 2023"]
[White "Taboas Rodriguez, Daniel"]
[Black "Martin Duque, Jesus"]
[WhiteFideId "2208466"]
[BlackFideId "2208954"]
[WhiteElo "2371"]
[BlackElo "2386"]
[Result "1-0"]
[Round "05"]
[TimeControl "180+2"]
[Date "2023.01.10"]
[WhiteClock "0:01:40"]
[BlackClock "0:00:26"]

1. d4 Nf6 2. Nf3 b6 3. c4 Bb7 4. Nc3 g6 5. d5 e6 6. e4 exd5 7. cxd5 d6 8. Bb5+ Nbd7 9. e5 dxe5 10. Nxe5 Qe7 11. O-O O-O-O 12. Nc6 Bxc6 13. Bxc6 Nc5 14. b4 Nce4 15. Qa4 a5 16. Qb5 Nd6 17. Qa6+ 1-0


[Site "https://www.chess.com"]

[Event "Titled Tuesday Blitz January 10 Early 2023"]
[White "Blanco Ronquillo, Humberto L."]
[Black "Mesic, Ismet"]
[WhiteFideId "3504239"]
[BlackFideId "14411105"]
[WhiteElo "2442"]
[BlackElo "2190"]
[Result "1-0"]
[Round "05"]
[TimeControl "180+2"]
[Date "2023.01.10"]
[WhiteClock "0:00:32"]
[BlackClock "0:00:28"]

1. e4 e5 2. Nf3 Nc6 3. Bb5 Nf6 4. d3 Bc5 5. O-O d6 6. c3 O-O 7. Nbd2 a6 8. Ba4 b5 9. Bb3 Bb7 10. h3 b4 11. Nh2 a5 12. Ba4 Ne7 13. Nc4 Bc6 14. Bxc6 Nxc6 15. Bg5 h6 16. Bh4 g5 17. Bg3 Ne7 18. d4 Ba7 19. Re1 Nxe4 20. Rxe4 d5 21. Rxe5 dxc4 22. Qh5 Ng6 23. Rxa5 Kg7 24. Ng4 Rh8 25. Ne3 Bb6 26. Rd5 Qf8 27. Nxc4 bxc3 28. bxc3 Rd8 29. Rf5 Qe7 30. Ne5 Rhf8 31. Qf3 Nxe5 32. Bxe5+ Kg8 33. Bf6 Qe6 34. Bxd8 Rxd8 35. Re5 Qd6 36. Rae1 Kg7 37. Re7 Qf6 38. Qxf6+ Kxf6 39. R7e2 Ra8 40. g3 Ra3 41. Rc2 Ba5 42. Re3 Bb6 43. Kf1 c5 44. dxc5 Bxc5 45. Rd3 Ra8 46. Ke2 Re8+ 47. Kf3 Re5 48. c4 Rf5+ 49. Kg2 Re5 50. Rd5 Kf5 51. Rxe5+ Kxe5 52. Rd2 Bd4 53. Kf3 f5 54. a4 h5 55. g4 hxg4+ 56. hxg4 f4 57. a5 Ba7 58. Rd5+ 1-0


[Site "https://www.chess.com"]

[Event "Titled Tuesday Blitz January 10 Early 2023"]
[White "Piesik, Piotr"]
[Black "Valle Maytin, Luis Enrique"]
[WhiteFideId "1136194"]
[BlackFideId "3503666"]
[WhiteElo "2426"]
[BlackElo "2241"]
[Result "1-0"]
[Round "05"]
[TimeControl "180+2"]
[Date "2023.01.10"]
[WhiteClock "0:00:16"]
[BlackClock "0:00:02"]

1. Nf3 Nf6 2. g3 g6 3. Bg2 Bg7 4. O-O O-O 5. d4 d5 6. c4 c6 7. Nc3 Re8 8. Nd2 Be6 9. cxd5 Nxd5 10. e4 Nb6 11. Nf3 a5 12. b3 Bg4 13. Be3 Na6 14. Qd2 Bxf3 15. Bxf3 Qc7 16. Rac1 Nb4 17. a3 Na6 18. d5 Nd7 19. Nb5 Qd8 20. dxc6 Ne5 21. Qxd8 Raxd8 22. Be2 bxc6 23. Nd4 Nb8 24. f4 Nd3 25. Bxd3 Bxd4 26. Bxd4 Rxd4 27. Rc3 Red8 28. Bc2 e6 29. Re1 Rd2 30. Rf1 Kf8 31. Rf2 Rxf2 32. Kxf2 Rd2+ 33. Kf3 Rxh2 34. Bd3 Ke7 35. Rc5 Rb2 36. Bc4 a4 37. bxa4 Rc2 38. a5 Kd6 39. a6 Nxa6 40. Rxc6+ Kxc6 41. Bxa6 Rc3+ 42. Kg4 Rxa3 43. Bc4 1-0


[Site "https://www.chess.com"]